 Dungeon Crawl Stone Soup version 0.22.1-2-g9c5b331 (webtiles) character file.

16331 diana the Severer (level 12, -7/113 HPs)
             Began as a Minotaur Gladiator on Nov 24, 2018.
             Was a High Priest of Okawaru.
             Mangled by an orc warrior
             ... wielding a +0 glaive
              (9 damage)
             ... on level 12 of the Dungeon.
             The game lasted 00:25:29 (13493 turns).

diana the Severer (Minotaur Gladiator)             Turns: 13493, Time: 00:25:31

Health: -7/113     AC: 18    Str: 26    XL:     12   Next: 9%
Magic:  12/14      EV: 11    Int:  5    God:    Okawaru [*****.]
Gold:   646        SH:  0    Dex: 12    Spells: 11/11 levels left

rFire    + . .     SeeInvis .   J - +0 battleaxe (freeze)
rCold    + . .     Gourm    .   (shield currently unavailable)
rNeg     . . .     Faith    .   e - +0 plate armour
rPois    .         Spirit   .   c - +0 hat
rElec    +         Reflect  .   l - scarf {rC+ rF+}
rCorr    .         Harm     .   n - +2 pair of gloves of Dishonour {rElec}
MR       .....                  u - +2 pair of boots
Stlth    ..........             (no amulet)
HPRegen  0.28/turn              F - +2 ring of strength
MPRegen  0.14/turn              (no ring)

@: lethally poisoned (-7 -> -40), heroism, slowed, very slow
A: retaliatory headbutt, horns 2
a: Heroism, Finesse, Renounce Religion


You were on level 12 of the Dungeon.
You worshipped Okawaru.
Okawaru was extremely pleased with you.
You were hungry.

You visited 2 branches of the dungeon, and saw 13 of its levels.

You collected 646 gold pieces.

Inventory:

Hand Weapons
 D - a +0 battleaxe
 J - a +0 battleaxe of freezing (weapon)
Missiles
 a - 5 poisoned javelins
 d - 4 throwing nets (quivered)
Armour
 c - a +0 hat (worn)
 e - a +0 plate armour (worn)
 l - a scarf of resistance (worn)
 n - the +2 pair of gloves of Dishonour (worn) {rElec}
   (Okawaru gifted it to you on level 9 of the Dungeon)

   It insulates you from electricity.
 u - a +2 pair of boots (worn)
Jewellery
 F - a +2 ring of strength (left hand)
Wands
 B - a wand of clouds (7)
 C - a wand of polymorph (26)
 G - a wand of iceblast (1)
 I - a wand of enslavement (14)
Scrolls
 b - a scroll of noise {unknown}
 i - a scroll of fear {unknown}
 j - 7 scrolls of remove curse
 o - 5 scrolls of teleportation
 q - 3 scrolls of amnesia
 r - a scroll of magic mapping
 w - a scroll of enchant weapon {unknown}
 x - 3 scrolls of random uselessness {unknown}
 y - 3 scrolls of enchant armour {unknown}
 A - 7 scrolls of identify
 H - a scroll of acquirement {unknown}
 K - a scroll of blinking
Potions
 g - 2 potions of haste {unknown}
 k - 4 potions of lignification
 m - 2 potions of might
 p - 4 potions of agility
 s - a potion of cancellation {unknown}
 t - a potion of mutation {unknown}
 v - 3 potions of ambrosia
 z - 3 potions of resistance {unknown}
 E - 2 potions of heal wounds {unknown}
Miscellaneous
 L - a sack of spiders
Comestibles
 f - 21 rations
 M - 4 chunks of flesh


   Skills:
 - Level 12.3(17.3) Fighting
 * Level 18.1(23.1) Axes
 - Level 2.0(7.0) Throwing
 - Level 3.2(8.2) Dodging
 + Level 4.7 Invocations


You had 11 spell levels left.
You didn't know any spells.
Your spell library contained the following spells:

 Spells                   Type           Power        Failure   Level  Hunger
 Animate Skeleton         Necr           N/A          100%        1    ##.....
 Apportation              Tloc           #.....       100%        1    ##.....
 Confusing Touch          Hex            #.....       100%        1    ##.....
 Sandblast                Erth           #.....       100%        1    ##.....
 Sting                    Conj/Pois      #...         100%        1    ##.....
 Summon Small Mammal      Summ           #...         100%        1    ##.....
 Passwall                 Tmut/Erth      #.......     100%        2    ###....
 Poisonous Vapours        Pois/Air       #.....       100%        2    ###....
 Mephitic Cloud           Conj/Pois/Air  #.......     100%        3    ####...
 Stone Arrow              Conj/Erth      #.....       100%        3    ####...
 Olgreb's Toxic Radiance  Pois           #.......     100%        4    #####..
 Petrify                  Tmut/Erth      #.......     100%        4    #####..
 Lee's Rapid Deconstruct  Erth           #.........   100%        5    ######.
 Venom Bolt               Conj/Pois      #.........   100%        5    ######.


Dungeon Overview and Level Annotations

Branches:
Dungeon (12/15)            Temple (1/1) D:6            Lair (0/6) D:8
    Orc (0/2) D:11

Altars:
Dithmenos
Elyvilon
Fedhas
Gozag
Makhleb
Nemelex Xobeh
Okawaru
Qazlal
Ru
Sif Muna
Trog
Zin
The Shining One

Shops:
D:11 *

Annotations:
D:6 2 transporters, grocchini's ghost, novice DEWz


Innate Abilities, Weirdness & Mutations

You reflexively headbutt those who attack you in melee.
You have a pair of horns on your head.


Message History

You slice Sonja!! You freeze Sonja!
You kill Sonja!
Okawaru accepts your kill.
* * * LOW HITPOINT WARNING * * *
You feel very sick. The orc warrior completely misses you.
Unknown command.
* * * LOW HITPOINT WARNING * * *
You feel very sick. The orc warrior hits you with a glaive.
* * * LOW HITPOINT WARNING * * *
Things that are here:
a dagger; a leather armour; an orc corpse You slash the orc warrior!
You freeze the orc warrior!
You headbutt the orc warrior, but do no damage.
The orc warrior is severely wounded.
* * * LOW HITPOINT WARNING * * *
You feel very sick. The orc warrior hits you with a glaive!
You die...

**,* *******+*
####+###### *,,,,,,,,
#.........# *,,,,,,,,
#.........# *,,,,,,,,
#.........# *,,,,,,,,
#.........# *,,,,,,,,
#.........#**,,,,,,,,
#...)o....#,+,,,,,,,,
#.))@.....+,*,,,,,,,,
#..(......#*****+****
##'######## *,**
#.### *,,*** #...#
**,,,, ###'###
*********+ #...>.#**
*,,,,,,,,, #.....+,*
*,,,,,,,,,
#.....#,***,,,,,,,,,


You could see an orc warrior.

Vanquished Creatures
  2 two-headed ogres
  Sonja (D:12)
  An unseen horror (D:10)
  Pikel (D:7)
  An ugly thing (D:11)
  A guardian serpent (D:11)
  A komodo dragon (D:11)
  2 queen bees
  A troll (D:9)
  A hornet (D:8)
  2 hippogriffs
  3 centaur simulacra (D:10)
  2 wyverns (D:8)
  16 yaks
  Eustachio (D:6)
  A steam dragon (D:11)
  A hungry ghost (D:8)
  A water moccasin (D:9)
  3 sky beasts
  A swamp drake (D:8)
  3 slaves (D:7)
  4 ice beasts
  7 orc warriors
  A hornet zombie (D:10)
  An eye of draining (D:10)
  3 necrophages
  A phantom (D:9)
  4 ogres
  3 crocodiles (D:8)
  6 centaurs
  2 big kobolds
  4 bullfrogs
  A wyvern zombie (D:11)
  2 gnoll sergeants (D:6)
  A water moccasin skeleton (D:9)
  5 scorpions
  A wyvern skeleton (D:11)
  43 killer bees
  2 wights (D:6)
  6 electric eels
  5 howler monkeys
  A centaur zombie (D:10)
  7 crimson imps
  3 hounds
  2 bullfrog zombies
  A jelly (D:10)
  2 centaur skeletons (D:4)
  2 quasits
  5 orc priests
  An iguana (D:10)
  9 orc wizards
  Natasha (twice) (D:4)
  10 worker ants
  A killer bee zombie (D:7)
  2 bullfrog simulacra (D:10)
  2 hound skeletons
  A howler monkey zombie (D:7)
  Robin (D:3)
  A killer bee simulacrum (D:10)
  7 adders
  3 shadow imps
  3 white imps (D:10)
  An ufetubus (D:10)
  An ooze (D:6)
  A worm (D:2)
  A dart slug (D:1)
  3 leopard geckos
  43 orcs
  3 giant cockroaches
  11 goblins
  10 hobgoblins
  4 jackals
  18 kobolds
  2 quokkas
  A ball python (D:1)
  6 bats
  A frilled lizard (D:2)
  A leopard gecko skeleton (D:7)
  7 rats
328 creatures vanquished.

Vanquished Creatures (others)
  A jackal (D:8)
1 creature vanquished.

Grand Total: 329 creatures vanquished

Notes
Turn   | Place    | Note
-------+----------+-------------------------------------------
     0 | D:1      | diana the Minotaur Gladiator began the quest for the Orb.
     0 | D:1      | Reached XP level 1. HP: 18/18 MP: 0/0
    42 | D:1      | Reached skill level 4 in Axes
    57 | D:1      | Reached XP level 2. HP: 25/25 MP: 1/1
   618 | D:2      | Reached XP level 3. HP: 25/31 MP: 2/2
   621 | D:2      | Found a deep blue altar of Sif Muna.
   664 | D:2      | Reached skill level 5 in Axes
   765 | D:2      | Found a shadowy altar of Dithmenos.
  1154 | D:3      | Reached XP level 4. HP: 19/38 MP: 3/3
  1617 | D:3      | Found a glowing silver altar of Zin.
  1636 | D:3      | Noticed Robin
  1649 | D:3      | Killed Robin
  1701 | D:3      | Found a burning altar of Makhleb.
  2107 | D:4      | Found an opulent altar of Gozag.
  2154 | D:4      | Reached skill level 6 in Axes
  2177 | D:4      | Noticed Natasha
  2185 | D:4      | Killed Natasha
  2185 | D:4      | Reached XP level 5. HP: 38/46 MP: 4/4
  2435 | D:4      | Noticed an ogre
  2441 | D:4      | Killed an ogre
  2441 | D:4      | Reached skill level 7 in Axes
  2441 | D:4      | Reached XP level 6. HP: 24/55 MP: 5/5
  2658 | D:4      | Reached skill level 5 in Fighting
  3165 | D:4      | Noticed Natasha
  3169 | D:4      | Killed Natasha
  3241 | D:5      | Entered Level 5 of the Dungeon
  3362 | D:5      | Noticed an orc warrior
  3370 | D:5      | Reached skill level 8 in Axes
  3817 | D:5      | Reached XP level 7. HP: 34/62 MP: 6/6
  4763 | D:6      | Reached skill level 9 in Axes
  4843 | D:6      | Found a staircase to the Ecumenical Temple.
  4890 | Temple   | Entered the Ecumenical Temple
  4905 | Temple   | Became a worshipper of Warmaster Okawaru
  5079 | D:6      | Noticed Eustachio
  5083 | D:6      | Reached XP level 8. HP: 71/71 MP: 7/7
  5091 | D:6      | Killed Eustachio
  5091 | D:6      | Reached * piety under Okawaru
  5091 | D:6      | Reached skill level 10 in Axes
  5240 | D:6      | Found a transporter.
  5240 | D:6      | Found a transporter.
  5240 | D:6      | Noticed grocchini's ghost (novice DEWz)
  5241 | D:6      | Noticed a six-headed hydra
  5465 | D:6      | Found a glowing golden altar of the Shining One.
  5591 | D:7      | Noticed Pikel
  5601 | D:7      | Killed Pikel
  5601 | D:7      | Reached ** piety under Okawaru
  5601 | D:7      | Reached skill level 11 in Axes
  5841 | D:7      | Found a bloodstained altar of Trog.
  5843 | D:7      | Found a stormy altar of Qazlal.
  5874 | D:7      | Reached XP level 9. HP: 39/82 MP: 8/8
  6181 | D:7      | Found a sparkling altar of Nemelex Xobeh.
  6190 | D:7      | Reached skill level 12 in Axes
  6784 | D:7      | Reached *** piety under Okawaru
  7135 | D:8      | Reached skill level 13 in Axes
  7472 | D:8      | Reached skill level 10 in Fighting
  7475 | D:8      | Found a staircase to the Lair.
  7698 | D:9      | Noticed a queen bee
  7711 | D:9      | Noticed a two-headed ogre
  7719 | D:9      | Killed a two-headed ogre
  7719 | D:9      | Reached **** piety under Okawaru
  7719 | D:9      | Reached skill level 14 in Axes
  7719 | D:9      | Reached XP level 10. HP: 58/94 MP: 9/9
  8629 | D:8      | Reached skill level 15 in Axes
  8823 | D:9      | Paralysed by a hornet for 1 turns
  9125 | D:9      | Reached ***** piety under Okawaru
  9311 | D:8      | Received a gift from Okawaru
  9892 | D:8      | Paralysed by a hornet for 2 turns
 10321 | D:9      | Reached XP level 11. HP: 64/104 MP: 10/10
 10328 | D:9      | Reached skill level 16 in Axes
 10739 | D:9      | Received a gift from Okawaru
 10742 | D:9      | Got a pair of transparent gloves {god gift}
 10755 | D:9      | Identified the +2 pair of gloves of Dishonour {rElec}
                  | (Okawaru gifted it to you on level 9 of the Dungeon)
 11187 | D:10     | Entered Level 10 of the Dungeon
 11205 | D:10     | Found a blossoming altar of Fedhas.
 11511 | D:10     | Killed an unseen horror
 11718 | D:10     | Reached skill level 1 in Invocations
 11821 | D:10     | Reached skill level 17 in Axes
 12040 | D:11     | Found Ryluisi's General Store.
 12057 | D:11     | Noticed a two-headed ogre
 12072 | D:11     | Killed a two-headed ogre
 12700 | D:11     | Found a staircase to the Orcish Mines.
 12749 | D:11     | Noticed a red ugly thing
 12755 | D:11     | Killed a red ugly thing
 13054 | D:11     | Reached XP level 12. HP: 75/113 MP: 11/14
 13275 | D:11     | Reached skill level 18 in Axes
 13479 | D:12     | Noticed Sonja
 13491 | D:12     | Killed Sonja
 13492 | D:12     | HP: 5/113 [orc warrior/glaive (6)]
 13493 | D:12     | HP: 2/113 [poisoned by Sonja]
 13493 | D:12     | Mangled by an orc warrior

Skill      XL: |  1  2  3  4  5  6  7  8  9 10 11 12 |
---------------+-------------------------------------+-----
Axes           | 4 5 6 7 8 9 11 14 15 17 18 | 18.1
Fighting       | 3 4 5 6 8 10 11 12 | 12.3
Invocations    | 4 |  4.7
Throwing       | |  2.0
Dodging        | |  3.2

Action                   |  1- 3 |  4- 6 |  7- 9 | 10-12 || total
-------------------------+-------+-------+-------+-------++-------
Melee: War axe           |    64 |   127 |    42 |       ||   233
       Headbutt          |    11 |    16 |    44 |    75 ||   146
       Battleaxe         |       |       |   191 |   360 ||   551
Invok: Heroism           |       |       |     1 |    10 ||    11
Evoke: Wand              |       |       |       |     4 ||     4
  Use: Scroll            |       |     7 |       |     6 ||    13
       Potion            |       |       |     1 |     5 ||     6
  Eat: Chunk             |       |     5 |     6 |    13 ||    24
       Ration            |       |     1 |     2 |     2 ||     5
Armor: Leather armour    |     4 |       |       |       ||     4
       Plate armour      |    43 |    90 |   158 |   351 ||   642
Dodge: Dodged            |    37 |    52 |    94 |   206 ||   389
